 Dungeon Crawl Stone Soup version 0.17-a0-2027-gcac42c4 (webtiles) character file.

5070 derrpe the Basher (level 10, 0/61 HPs)
             Began as a Gargoyle Skald on Oct 11, 2015.
             Was an Elder of Okawaru.
             Slain by a crimson imp (3 damage)
             ... on level 9 of the Dungeon.
             The game lasted 00:31:41 (12204 turns).

derrpe the Basher (Gargoyle Skald)                 Turns: 12204, Time: 00:31:41

Health: 0/61       AC: 16    Str: 19      XL:     10   Next: 56%
Magic:  15/15      EV: 15    Int: 15      God:    Okawaru [****..]
Gold:   364        SH:  0    Dex: 12 (13) Spells: 5 memorised, 5 levels left

rFire  . . .     SeeInvis +     E - +0 dire flail
rCold  + . .     Clarity  .     D - +0 ring mail {rC+}
rNeg   + . .     SustAt   .     (no shield)
rPois  ∞         Gourm    .     (no helmet)
rElec  +         Spirit   .     (no cloak)
rCorr  .         Warding  .     (no gloves)
rMut   .         Stasis   .     (no boots)
MR     .....                    f - amulet of faith
Stlth  ++........               y - +4 ring of dexterity
                                q - ring of see invisible

@: heroism, not resistant to hostile enchantments, unstealthy
A: thin metallic scales 1, negative energy resistance 1, electricity resistance,
strong 1, unbreathing, petrification resistance, rot immunity, AC +7
a: Heroism, Renounce Religion


You were on level 9 of the Dungeon.
You worshipped Okawaru.
Okawaru was greatly pleased with you.
You were hungry.

You visited 2 branches of the dungeon, and saw 10 of its levels.
You also visited: Sewer and Ossuary.

You collected 364 gold pieces.

Inventory:

Hand Weapons
 a - a +0 hunting sling of velocity
 b - a +0 flail
 E - a +0 dire flail (weapon)
Missiles
 i - 3 throwing nets {=f}
 p - 263 stones (quivered)
 w - 85 sling bullets
 B - a tomahawk
 M - 9 poisoned sling bullets
Armour
 D - a +0 ring mail of cold resistance (worn)
Jewellery
 f - an amulet of faith (around neck)
 n - an uncursed amulet of rage
 o - an uncursed amulet of regeneration
 q - a ring of see invisible (left hand)
 t - an uncursed ring of teleportation
 y - a +4 ring of dexterity (right hand)
Wands
 z - a wand of disintegration (0)
 L - a wand of paralysis (0)
Scrolls
 h - 5 scrolls of remove curse
 j - 3 scrolls of identify
 l - 2 scrolls of enchant armour
 m - a scroll of noise
 r - 5 scrolls of teleportation
 u - a scroll of summoning
 C - a scroll of amnesia
 F - 2 scrolls of vulnerability
 G - a scroll of fear
 H - a scroll of random uselessness {unknown}
 K - a scroll of recharging
Potions
 e - 6 potions of flight
 s - 4 potions of curing
 v - 2 potions of ambrosia
 x - 3 potions of haste
 A - 3 potions of heal wounds
Books
 c - a book of Battle

   Spells                             Type                      Level
   a - Infusion                       Charms                       1
   b - Shroud of Golubria             Charms/Translocation         2
   c - Song of Slaying                Charms                       2
   d - Spectral Weapon                Hexes/Charms                 3
   e - Regeneration                   Charms/Necromancy            3
 J - a Necronomicon

   Spells                             Type                      Level
   a - Haunt                          Necromancy/Summoning         7
   b - Borgnjor's Revivification      Necromancy                   8
   c - Death's Door                   Charms/Necromancy            8
   d - Necromutation                  Transmutation/Necromancy     8
Comestibles
 d - 3 bread rations {@e1}
 g - 3 fruits
 k - 6 meat rations {@e2}


   Skills:
 + Level 6.5(11.5) Fighting
 * Level 8.6(13.6) Maces & Flails
 + Level 6.5(11.5) Armour
 + Level 4.5(9.5) Dodging
 * Level 3.7 Spellcasting
 - Level 1.0 Hexes
 * Level 7.0 Charms
 - Level 0.3 Translocations


You had 5 spell levels left.
You knew the following spells:

 Your Spells              Type           Power        Failure   Level  Hunger
a - Infusion              Chrm           ###...       1%          1    None
b - Shroud of Golubria    Chrm/Tloc      ##........   12%         2    ##.....
c - Regeneration          Chrm/Necr      ##........   24%         3    ###....
d - Spectral Weapon       Hex/Chrm       ##......     21%         3    ###....
e - Song of Slaying       Chrm           ###.....     1%          2    ##.....


Dungeon Overview and Level Annotations

Branches:
Dungeon (9/15)             Temple (1/1) D:4
   Lair: D:8-11         Orc: D:9-12

Altars:
Ashenzari
Cheibriados
Dithmenos
Elyvilon
Fedhas
Gozag
Kikubaaqudgha
Makhleb
Nemelex Xobeh
Okawaru
Qazlal
Ru
Sif Muna
Trog
Vehumet
Xom
Yredelemnul
Zin
The Shining One

Shops:
D:5 }   D:8 =

Annotations:
D:3 Duffy's ghost, amateur FoTm
D:9 hexophile's ghost, novice TrBe


Innate Abilities, Weirdness & Mutations

You are resistant to torment.
Your stone body is resilient (AC +7).
You are immune to poison.
You resist negative energy.
You are resistant to electric shocks.
You can survive without breathing.
You are immune to petrification.
You are immune to rotting.
You are partially covered in thin metallic scales (AC +2).
Your muscles are strong. (Str +2)


Message History

You destroy the gargoyle!
You see here a morningstar.
There is a stone staircase leading down here.
Magic restored.
You climb downwards.
Level annotation: hexophile's ghost, novice TrBe Hexophile's ghost hits you!!
Ouch! That really hurt!
* * * LOW HITPOINT WARNING * * *
The orc closely misses you. The crimson imp barely misses you.
The orc warrior closely misses you.
There is a stone staircase leading up here.
Press: ? - help, v - describe, . - travel
Here: hexophile's ghost The floor.
Read which item? (? for menu, Esc to quit)
Okay, then.
Unknown command.
The crimson imp hits you.
You die...

## .# ..
.## # ...
#.#.# #.#.#
#.o@###..##
##5W.o.....
##.o...#..
..###..#
..## .# ...
.# ..## .
#.# #.


You could see an orc warrior, hexophile's ghost, a crimson imp and 2 orcs.

Vanquished Creatures
  A hill giant (D:8)
  A gargoyle (D:8)
  Sigmund (D:2)
  A water moccasin (D:6)
  An ice beast (D:8)
  Purgy (Sewer)
  A necrophage (D:8)
  A wasp (D:8)
  An orc warrior (D:8)
  3 black bears
  2 sky beasts
  A phantom (D:7)
  2 centaurs
  A big kobold (D:7)
  3 giant frogs
  A gnoll sergeant (D:6)
  A water moccasin zombie (Ossuary)
  A water moccasin skeleton (D:5)
  3 scorpions
  3 wights (D:7)
  7 bog bodies (Ossuary)
  5 centaur zombies
  A giant frog zombie (Ossuary)
  7 orc wizards
  2 crimson imps
  A quasit (D:8)
  2 giant frog skeletons
  Ijyb (D:2)
  6 hounds
  A gnoll shaman (D:6)
  3 orc priests
  3 iguanas
  Natasha (thrice) (D:2)
  A worker ant (D:8)
  A killer bee zombie (Ossuary)
  3 hound zombies
  10 mummies (Ossuary)
  2 worker ant zombies (Ossuary)
  10 adders
  50 gnolls
  4 shadow imps
  4 oozes
  4 adder zombies
  2 adder skeletons
  4 worms
  9 giant geckos
  12 orcs
  3 ball pythons
  6 bats
  8 giant cockroaches
  4 hobgoblins
  14 jackals (D:6)
  A giant cockroach zombie (Ossuary)
  A giant gecko skeleton (D:7)
  A giant gecko zombie (Ossuary)
  7 giant newts
  10 goblins
  A goblin zombie (D:7)
  A jackal zombie (Ossuary)
  4 kobolds
  A quokka (D:8)
  12 rats
  A rat zombie (D:7)
263 creatures vanquished.

Vanquished Creatures (others)
  A quokka (D:4)
  6 plants (Ossuary)
7 creatures vanquished.

Grand Total: 270 creatures vanquished

Notes
Turn   | Place    | Note
--------------------------------------------------------------
     0 | D:1      | derrpe the Gargoyle Skald began the quest for the Orb.
     0 | D:1      | Reached XP level 1. HP: 12/12 MP: 3/3
   391 | D:1      | Reached skill level 1 in Dodging
   391 | D:1      | Reached XP level 2. HP: 17/17 MP: 5/5
   863 | D:1      | Reached XP level 3. HP: 22/22 MP: 6/6
  1247 | D:2      | Noticed Ijyb
  1312 | D:2      | Killed Ijyb
  1312 | D:2      | Reached skill level 3 in Maces & Flails
  1312 | D:2      | Reached XP level 4. HP: 19/27 MP: 7/7
  1455 | D:2      | Noticed Sigmund
  1494 | D:2      | Killed Sigmund
  1494 | D:2      | Reached skill level 4 in Maces & Flails
  1494 | D:2      | Reached XP level 5. HP: 14/32 MP: 8/8
  1739 | D:2      | Noticed Natasha
  1758 | D:2      | Killed Natasha
  1758 | D:2      | Reached XP level 6. HP: 16/38 MP: 9/9
  1830 | D:2      | Noticed Natasha
  1843 | D:2      | Killed Natasha
  1846 | D:2      | Noticed Natasha
  1858 | D:2      | Killed Natasha
  2468 | D:2      | Found a glowing silver altar of Zin.
  3132 | D:3      | Found a shadowy altar of Dithmenos.
  3248 | D:3      | Found an ancient bone altar of Kikubaaqudgha.
  3383 | D:3      | Noticed Duffy's ghost (amateur FoTm)
  3605 | D:2      | Learned a level 2 spell: Shroud of Golubria
  3609 | D:2      | Learned a level 3 spell: Regeneration
  4106 | D:4      | Found a white marble altar of Elyvilon.
  4247 | D:4      | Found a glowing drain.
  4254 | Sewer    | Entered a sewer
  4262 | Sewer    | Reached XP level 7. HP: 39/43 MP: 10/10
  4330 | Sewer    | Noticed Purgy
  4344 | Sewer    | Killed Purgy
  4344 | Sewer    | Reached skill level 5 in Maces & Flails
  4469 | D:4      | Found a staircase to the Ecumenical Temple.
  4495 | Temple   | Entered the Ecumenical Temple
  4743 | Temple   | Became a worshipper of Warmaster Okawaru
  5128 | D:5      | Entered Level 5 of the Dungeon
  5643 | D:5      | Found Jiliug's Gadget Shoppe.
  5967 | D:5      | Reached XP level 8. HP: 37/48 MP: 11/11
  6566 | D:6      | Acquired Okawaru's first power
  6566 | D:6      | Reached skill level 6 in Maces & Flails
  6719 | D:6      | Gained mutation: You are partially covered in thin metallic scales (AC +2). [mutagenic meat]
  6720 | D:6      | Gained mutation: Your muscles are strong. (Str +2) [mutagenic meat]
  7032 | D:6      | Reached skill level 5 in Armour
  7043 | D:6      | Reached skill level 5 in Charms
  7402 | D:6      | Reached skill level 5 in Fighting
  7571 | D:6      | Reached XP level 9. HP: 47/54 MP: 12/12
  7953 | D:6      | Learned a level 3 spell: Spectral Weapon
  8647 | D:7      | Reached skill level 7 in Maces & Flails
  8854 | D:7      | Found a sand-covered staircase.
  8908 | Ossuary  | Entered an ossuary
  9561 | Ossuary  | Learned a level 2 spell: Song of Slaying
 10676 | D:7      | Found a deep blue altar of Sif Muna.
 10704 | D:7      | Reached skill level 1 in Hexes
 10829 | D:7      | Reached skill level 8 in Maces & Flails
 10829 | D:7      | Reached XP level 10. HP: 49/60 MP: 13/13
 11239 | D:8      | Found Gionlak's Jewellery Shoppe.
 11574 | D:8      | Noticed a hill giant
 11863 | D:8      | Killed a hill giant
 11923 | D:8      | Found a basalt altar of Yredelemnul.
 12180 | D:9      | Noticed hexophile's ghost (novice TrBe)
 12203 | D:9      | HP: 2/61 [hexophile's ghost (33)]
 12204 | D:9      | Slain by a crimson imp

Vault maps used:
D:1:      onia_arrival_mini_maze
D:2:      lemuel_crystal_altar, first_bread, uniq_natasha, uniq_sigmund,
          uniq_iyjb
D:3:      nicolae_overflow_hidden_temple, serial_bayou_pond_d,
          nicolae_dithmenos_shadow_blocks
D:4:      elyvilon_altar_4, minmay_temple_entry_junction,
          lightli_sewer_entry_pipes
D:5:      serial_shops, shop
D:6:      lemuel_castle_with_subvaults
D:7:      enter_ossuary_4, led_sif_pool
D:8:      overflow_temple_1_default, serial_shops, kennysheep_little_box,
          st_stairs_13
D:9:      minmay_orc_entry_guard_dogs
Temple:   minmay_temple_curvy_14
Sewer:    sewer_co_purgy_island
Ossuary:  ossuary_zaba_flooded

Action                   |  1- 3 |  4- 6 |  7- 9 | 10-12 || total
-------------------------+-------+-------+-------+-------++-------
Melee: Mace              |   111 |   185 |       |       ||   296
       Flail             |       |     4 |   759 |       ||   763
       Dire flail        |       |       |    25 |   151 ||   176
 Fire: Hunting sling     |       |    47 |       |       ||    47
Throw: Throwing net      |     1 |       |       |       ||     1
       Stone             |    35 |    90 |   195 |    19 ||   339
       Tomahawk          |       |       |    10 |       ||    10
 Cast: Infusion          |       |     5 |       |     4 ||     9
       Shroud of Golubri |       |       |       |     1 ||     1
       Song of Slaying   |       |       |       |     1 ||     1
Invok: Heroism           |       |       |     4 |     3 ||     7
Evoke: Wand              |       |       |     6 |     5 ||    11
  Use: Potion            |       |     3 |     4 |       ||     7
       Scroll            |       |     4 |    18 |       ||    22
  Eat: Chunk             |     1 |    10 |    13 |     2 ||    26
       Royal jelly       |       |       |     2 |       ||     2
       Meat ration       |       |       |     1 |       ||     1
       Bread ration      |       |       |     1 |       ||     1
       Fruit             |       |       |     1 |       ||     1
